 Dungeon Crawl Stone Soup version 0.20-a0-251-g16a58bf (webtiles) character file.

964 Ijustatesigmund the Skirmisher (level 7, -4/64 HPs)
             Began as a Minotaur Monk on Nov 30, 2016.
             Was a Priest of Okawaru.
             Shot with a bolt by an orc warrior (21 damage)
             ... in a bailey.
             The game lasted 00:11:45 (4506 turns).

Ijustatesigmund the Skirmisher (Minotaur Monk)      Turns: 4506, Time: 00:11:46

Health: -4/64      AC:  9    Str: 15    XL:     7   Next: 93%
Magic:  9/9        EV:  8    Int:  7    God:    Okawaru [***...]
Gold:   240        SH:  3    Dex: 15    Spells: 6/6 levels left

rFire  . . .     SeeInvis .     s - +2 war axe
rCold  . . .     Gourm    .     k - +0 chain mail
rNeg   + . .     Faith    .     (no shield)
rPois  .         Spirit   .     (helmet restricted)
rElec  .         Reflect  +     (no cloak)
rCorr  .         Harm     .     (no gloves)
MR     .....                    (no boots)
Stlth  ..........               g - +3 amulet of reflection
                                (no ring)
                                b - ring of positive energy

@: no status effects
A: retaliatory headbutt, horns 2
a: Heroism, Renounce Religion


You were in a bailey.
You worshipped Okawaru.
Okawaru was most pleased with you.
You were not hungry.

You visited 1 branch of the dungeon, and saw 6 of its levels.
You also visited: Bailey.

You collected 240 gold pieces.

Inventory:

Hand Weapons
 s - a +2 war axe (weapon)
Missiles
 h - 17 tomahawks (quivered)
Armour
 k - a +0 chain mail (worn)
Jewellery
 b - a ring of positive energy (left hand)
 g - a +3 amulet of reflection (around neck)
 o - an uncursed ring of ice
Scrolls
 e - a scroll of fog
 m - 2 scrolls of remove curse
Potions
 a - a potion of heal wounds
 d - 3 potions of lignification
 i - 3 potions of curing
 j - 2 potions of flight
 l - 2 potions of cure mutation
 n - a potion of experience {unknown}
 q - a potion of ambrosia {unknown}
Comestibles
 c - 3 bread rations
 f - 4 meat rations
 p - 3 beef jerkies
 r - 3 chunks of flesh


   Skills:
 - Level 6.9 Fighting
 - Level 6.5 Axes
 - Level 4.7 Armour
 - Level 3.2 Dodging
 - Level 1.5 Stealth
 + Level 4.4 Invocations


You had 6 spell levels left.
You didn't know any spells.

Dungeon Overview and Level Annotations

Branches:
Dungeon (7/15)
 Temple: D:4-7

Altars:
Gozag
Okawaru
Trog


Innate Abilities, Weirdness & Mutations

You reflexively headbutt those who attack you in melee.
You have a pair of horns on your head.


Message History

There is a gate leading back out of this place, spattered with blood here.
You start resting.
HP restored.
You see here a bolt.
The orc warrior shoots a bolt.
The bolt hits you.
The orc warrior shoots a bolt.
The bolt hits you.
The orc warrior shoots a bolt.
The bolt closely misses you.
The orc warrior shoots a bolt.
The bolt barely misses you.
The orc warrior shoots a bolt.
The bolt hits you but does no damage.
The orc warrior shoots a bolt.
The bolt hits you!!
Unknown command.
The orc warrior shoots a bolt.
The bolt hits you!
An orc warrior comes into view. It is wielding an arbalest.
The orc warrior shouts!
The orc warrior shoots a bolt.
The bolt hits you but does no damage.
The orc warrior shoots a bolt.
The bolt hits you!
* * * LOW HITPOINT WARNING * * *
You see here a bolt.
The orc warrior shoots a bolt.
The bolt hits you!!
You die...

#(..........
#...)..≈≈≈≈≈
#......≈≈#.#
#......≈##
#..o...≈).
#......≈##.#
#......≈≈ #
#......≈≈≈
#@.....≈≈≈≈
#(.....≈≈
#......≈≈
#......≈≈
#......≈≈
#......≈≈
#......≈≈
#(.....≈≈
#......≈≈


You could see an orc warrior.

Vanquished Creatures
  A hippogriff (D:3)
  A sky beast (D:4)
  An ogre (D:4)
  A howler monkey (D:4)
  A crimson imp (D:4)
  A hound (D:7)
  3 orc priests
  2 orc wizards
  A worker ant (D:4)
  4 gnolls (D:4)
  8 adders
  An ooze (D:3)
  An adder skeleton (D:4)
  A worm (D:3)
  3 dart slugs
  4 leopard geckos
  20 orcs
  4 ball pythons
  2 giant cockroaches
  5 goblins
  4 hobgoblins
  7 jackals (D:3)
  2 quokkas
  6 bats
  6 frilled lizards
  9 kobolds
  A leopard gecko skeleton (D:4)
  11 rats
111 creatures vanquished.

Vanquished Creatures (others)
  An orc warrior (Bailey)
1 creature vanquished.

Grand Total: 112 creatures vanquished

Notes
Turn   | Place    | Note
-------+----------+-------------------------------------------
     0 | D:1      | Ijustatesigmund the Minotaur Monk began the quest for the Orb.
     0 | D:1      | Reached XP level 1. HP: 19/19 MP: 0/0
   268 | D:1      | Reached XP level 2. HP: 27/27 MP: 1/1
   751 | D:2      | Reached XP level 3. HP: 24/34 MP: 2/2
   956 | D:2      | Found an iron altar of Okawaru.
   964 | D:2      | Became a worshipper of Warmaster Okawaru
   964 | D:2      | Reached * piety under Okawaru
   964 | D:2      | Reached ** piety under Okawaru
  1310 | D:2      | Reached skill level 1 in Armour
  1310 | D:2      | Reached XP level 4. HP: 36/41 MP: 3/3
  1647 | D:3      | Reached skill level 5 in Fighting
  1798 | D:3      | Noticed a hippogriff
  1815 | D:3      | Killed a hippogriff
  1815 | D:3      | Reached skill level 5 in Axes
  1815 | D:3      | Reached XP level 5. HP: 30/50 MP: 4/4
  1815 | D:3      | Reached XP level 6. HP: 34/57 MP: 5/5
  2486 | D:3      | Reached *** piety under Okawaru
  2889 | D:4      | Reached XP level 7. HP: 61/64 MP: 6/6
  3428 | D:4      | Reached skill level 1 in Invocations
  3439 | D:4      | Found an opulent altar of Gozag.
  3579 | D:4      | Found a bloodstained altar of Trog.
  4176 | D:4      | You fall through a shaft for 3 floors!
  4368 | D:7      | Found a flagged portal.
  4376 | Bailey   | Entered a bailey
  4506 | Bailey   | Shot with a bolt by an orc warrior

Vault maps used:
D:1:      minmay_arrival_checkered_box, minmay_misc_feat_hallway
D:2:      okawaru_ov_weapons_minmay, minmay_unequal
D:3:      kb_forest_paths
D:4:      kennysheep_little_box, grunt_gozag_statues
D:6:      lemuel_crystal_altar, lemuel_doored_altar, basic_altar, uniq_sigmund,
          uniq_edmund
D:7:      enter_bailey_2, grunt_ministairs_4, grunt_ogre_cave,
          uniq_prince_ribbit1
Bailey:   bailey_polearm_2, bailey

Skill      XL: |  1  2  3  4  5  6  7 |
---------------+----------------------+-----
Fighting       | 4 5 6 |  6.9
Axes           | 4 5 6 |  6.5
Armour         | 1 3 4 |  4.7
Invocations    | 4 |  4.4
Dodging        | |  3.2
Stealth        | |  1.5

Action                   |  1- 3 |  4- 6 |  7- 9 || total
-------------------------+-------+-------+-------++-------
Melee: Hand axe          |    74 |   103 |       ||   177
       Headbutt          |     9 |    25 |     4 ||    38
       War axe           |       |    36 |    53 ||    89
  Use: Scroll            |     7 |    10 |     2 ||    19
       Potion            |       |     5 |       ||     5
 Stab: Sleeping          |     3 |       |       ||     3
  Eat: Chunk             |     1 |     4 |     5 ||    10
       Beef jerky        |       |     1 |       ||     1
Armor: Scale mail        |     4 |       |       ||     4
       Robe              |     1 |       |       ||     1
       Chain mail        |    12 |    72 |    30 ||   114
Dodge: Dodged            |    31 |    74 |    34 ||   139
Block: Other             |     3 |    28 |    11 ||    42
       Reflection        |       |     1 |     4 ||     5
